 Dungeon Crawl Stone Soup version 0.27-a0-148-g9515ab555c (webtiles) character file.

Game seed: 3984438675682580092

236 knot the Skirmisher (level 5, -1/63 HPs)
             Began as a Demonspawn Berserker on Jan 26, 2021.
             Was a Believer of Trog.
             Slain by a worm (10 damage)
             ... on level 4 of the Dungeon.
             The game lasted 00:04:48 (3318 turns).

knot the Skirmisher (Demonspawn Berserker)          Turns: 3318, Time: 00:04:49

Health: -1/63      AC:  6    Str: 17    XL:     5   Next: 77%
Magic:  14/14      EV: 12    Int: 10    God:    Trog [**....]
Gold:   126        SH:  0    Dex: 12    Spells: 4/4 levels left

rFire    . . .     SeeInvis .   a - +0 hand axe
rCold    . . .     Faith    .   (no shield)
rNeg     . . .     Spirit   .   f - +1 ring mail
rPois    .         Reflect  .   (no helmet)
rElec    .         Harm     .   (no cloak)
rCorr    .         Rampage  .   (no gloves)
Will     .....                  (no boots)
Stlth    ..........             (no amulet)
HPRegen  0.20/turn              v - ring of magical power
MPRegen  0.14/turn              (no ring)

@: berserking, quick
A: claws 2
a: Renounce Religion, Berserk, Trog's Hand


You were on level 4 of the Dungeon.
You worshipped Trog.
Trog was pleased with you.
You visited 1 branch of the dungeon, and saw 4 of its levels.

You collected 126 gold pieces.

Inventory:

Hand Weapons
 a - a +0 hand axe (weapon)
Missiles
 c - 124 stones
 i - 8 atropa-tipped darts
 k - 39 sling bullets
 m - 40 poisoned darts
Armour
 f - a +1 ring mail (worn)
Jewellery
 v - a ring of magical power (left claw)
Wands
 q - a wand of paralysis (13)
Scrolls
 h - a scroll of teleportation
 l - 3 scrolls of identify
Potions
 j - a potion of degeneration
 n - a potion of might
 p - a potion of resistance {unknown}
 r - a potion of curing {unknown}
 s - a potion of brilliance {unknown}


   Skills:
 + Level 4.1 Fighting
 + Level 3.7 Axes
 + Level 3.1 Armour
 + Level 3.1 Dodging


You had 4 spell levels left.
You didn't know any spells.
Your spell library was empty.

Dungeon Overview and Level Annotations

Branches:
Dungeon (4/15)
 Temple: D:4-7

Altars:
Fedhas
The Shining One

Annotations:
D:4 Edmund


Innate Abilities, Weirdness & Mutations

You have very sharp fingernails.


Message History

You feel the effects of Trog's Hand fading.
The hound bites you.
* * * LOW HITPOINT WARNING * * *
An adder and a worm come into view.
The adder hisses angrily.
A red film seems to cover your vision as you go berserk!
You feel yourself moving faster!
You feel mighty! The hound closely misses you.
The hound pauses to sniff the water.
The hound bites you.
* * * LOW HITPOINT WARNING * * *
You hit the worm.
The worm is lightly wounded.
You closely miss the hound.
The hound splashes around in the water.
You hit the worm.
The worm is moderately wounded.
You barely miss the hound.
Your skin stops crawling.
You feel less strong-willed.
Edmund says, "People accused me of being a cutpurse!"
The worm bites you!
You die...

#.# #.## ##.###..#
....g@..#
...###### g#######
........ #
...##### #≈#≈####
..####### #≈≈≈Sw≈#
>g..g...########@#
#####.##≈≈≈gggSh≈#
#.#.≈≈#≈#g####
#.#..≈.≈@≈≈≈..#
#.#......≈.....
#.#..........).#
#.#.#.##..####.#
#.#.#.###... #
#.#.. #.###


You could see Edmund, a worm, a hound, 4 gnolls and 2 adders.

Vanquished Creatures
  A hound (D:4)
  2 orc priests (D:3)
  2 worker ants
  An adder (D:3)
  An ooze (D:3)
  An adder skeleton (D:4)
  3 worms
  A leopard gecko (D:3)
  4 orcs (D:3)
  10 goblins
  6 hobgoblins
  11 jackals (D:3)
  4 kobolds
  3 ball pythons (D:3)
  5 bats
  4 frilled lizards
  15 rats
74 creatures vanquished.

Notes
Turn   | Place    | Note
-------+----------+-------------------------------------------
     0 | D:1      | knot the Demonspawn Berserker began the quest for the Orb.
     0 | D:1      | Reached XP level 1. HP: 18/18 MP: 1/1
   596 | D:1      | Gained mutation: You have sharp fingernails. [demonic
                  | ancestry]
   596 | D:1      | Reached XP level 2. HP: 20/24 MP: 2/2
  1082 | D:2      | Gained mutation: You have very sharp fingernails. [demonic
                  | ancestry]
  1082 | D:2      | Reached XP level 3. HP: 29/29 MP: 3/3
  1913 | D:3      | Reached ** piety under Trog
  1915 | D:3      | Reached XP level 4. HP: 36/36 MP: 4/4
  2055 | D:3      | Reached XP level 5. HP: 24/42 MP: 5/5
  2209 | D:3      | Found a blossoming altar of Fedhas.
  2687 | D:3      | Found a glowing golden altar of the Shining One.
  2789 | D:4      | Reached skill level 4 in Fighting
  2885 | D:4      | Noticed a phantom
  3259 | D:4      | Noticed Edmund
  3318 | D:4      | Slain by a worm

Illustrated notes

Levels and vault maps discovered:
D:1:      lemuel_arrival_behind_the_door_large, layout_basic, serial_curves,
          eino_curves_01, eino_curves_03, eino_curves_02, eino_curves_02
D:2:      layout_loops_ring
D:3:      layout_basic, old_standard_altar, tso_oasis_becter
D:4:      layout_loops_ring, lightli_sewer_entry_pipes, uniq_edmund

Skill      XL: |  1  2  3  4  5 |
---------------+----------------+-----
Armour         | 2 3 |  3.1
Dodging        | 2 3 |  3.1
Axes           | 3 |  3.7
Fighting       | 4 |  4.1

Action                   |  1- 3 |  4- 6 || total
-------------------------+-------+-------++-------
Melee: Hand axe          |    97 |   166 ||   263
Invok: Berserk           |     3 |     3 ||     6
       Trog's Hand       |       |     1 ||     1
  Use: Potion            |     2 |     3 ||     5
       Scroll            |       |     7 ||     7
Armor: Ring mail         |    24 |    78 ||   102
       Animal skin       |     4 |       ||     4
Dodge: Dodged            |    48 |   137 ||   185

Table legend: (Time is in decaauts)
 A = Elapsed time spent in this place.
 B = Non-inter-level travel time spent in this place.
 C = Inter-level travel time spent in this place.
 D = Time resting spent in this place.
 E = Time spent auto-exploring this place.
 F = Levels seen in this place.
 G = Mean time per level.
                   A        B        C        D        E       F      G
               +--------+--------+--------+--------+--------+-----+--------+
         Total |   3417 |   3341 |     76 |    547 |   2174 |   4 |  854.2 |
       Dungeon |   3417 |   3341 |     76 |    547 |   2174 |   4 |  854.2 |
               +--------+--------+--------+--------+--------+-----+--------+

Top non-repeatable levels by time:
     D:3: 1139 daAuts
     D:2: 972 daAuts
     D:1: 969 daAuts
     D:4: 336 daAuts
